Description

Bunny establishes a defensive economic build which allows him to effectively deflect early attacks while still establishing fast natural and 3rd bases. He flawlessly neutralized early aggression from his opponent Jjakji which gives him a slight lead early on which he uses to build engineering bays for infantry upgrade advantages. He eventually loses for reasons unrelated to the build

VOD

https://youtu.be/5PtBhgr1Eyk

Replay - Bunny v jjakji: Game 2 - 벨시르 잔재 (공허)

Build Order

Get SALT Encoding   

  12  0:00  SCV  
  13  0:12  SCV  
  14  0:17  Supply Depot  
  14  0:24  SCV  
  15  0:29  Refinery  
  15  0:38  SCV  
  16  0:44  Barracks  
  16  0:50  SCV  
  17  1:02  SCV  
  18  1:15  SCV  
  19  1:30  Orbital Command  
  19  1:31  Reaper  
  20  1:40  Command Center  
  20  1:51  Factory  
  20  1:56  SCV  
  21  2:04  Supply Depot  
  21  2:07  Barracks Reactor  
  21  2:08  SCV  
  22  2:11  Refinery  
  22  2:20  SCV  
  23  2:32  SCV  
  23  2:44  SCV  
  23  2:45  Cyclone  
  23  2:46  Marine x2  
  29  2:56  SCV  
  30  3:04  Marine  
  30  3:05  Starport  
  31  3:09  SCV, Marine  
  31  3:10  Orbital Command  
  33  3:24  Factory Tech Lab, Marine x2  
  33  3:25  SCV  
  35  3:36  SCV x2  
  37  3:45  Viking  
  37  3:47  Siege Tank  
  37  3:48  SCV x2  
  45  3:53  Supply Depot  
  44  3:59  Barracks Tech Lab  
  44  4:00  SCV x2  
  46  4:03  Barracks x2  
  46  4:11  Supply Depot  
  46  4:14  SCV x2  
  46  4:16  Refinery, Starport Reactor  
  48  4:19  Marine  
  48  4:20  Stimpack  
  49  4:26  SCV x2  
  49  4:29  Engineering Bay  
  51  4:37  Marine  
  51  4:42  Siege Tank  
  52  4:50  SCV x2  
  53  4:58  Marine x3  
  53  5:02  SCV x2  
  53  5:15  SCV x2  
  53  5:16  Starport Reactor, Marine x4  
  53  5:17  Terran Infantry Weapons Level 1  
  60  5:25  Supply Depot x2  
  60  5:27  SCV x2  
  61  5:29  Refinery  
  61  5:32  Marine  
  62  5:40  SCV  
  62  5:47  Siege Tank, SCV, Marine x4  
  70  5:53  SCV  
  70  5:54  Medivac x2, Supply Depot  
  73  5:59  SCV, Marine  
  77  6:04  Marine  
  77  6:07  Supply Depot  
  78  6:15  SCV x2, Marine x3  
  78  6:17  Barracks x2  
  83  6:21  Combat Shields  
  83  6:22  Marine x2  
  85  6:29  Siege Tank  
  88  6:35  Medivac  
  90  6:41  Marine x5  
  90  6:45  Supply Depot x2  
  94  6:52  Supply Depot  
  94  7:00  Supply Depot  
  94  7:06  Marine x2  
  94  7:07  Siege Tank, SCV x2  
  94  7:08  Barracks Reactor x2  
  101  7:13  Marine x3  
  103  7:21  Medivac x2  
  106  7:24  Marine  
  101  7:35  Marine x4  
  84  7:39  Siege Tank  
  84  7:42  Marine x3  
  80  7:48  Marine x2  
  80  7:50  SCV  
  78  7:53  Marine  
  79  7:59  Medivac x2  
  79  8:03  SCV x2  
  82  8:09  Marine x4  
  86  8:15  Marine x5  
  91  8:26  Siege Tank, Marine x2  
  95  8:29  SCV x2  
  95  8:32  Marine x2  
  100  8:42  Medivac  
  86  8:52  Marine x8  
Spawning Tool Build Advisor. Get it on Overwolf

Analysis

Additional commentary on the ESL stream: https://youtu.be/-A4OC3iTwio

Go to:

Details

  • Created by: getitdunn
  • Published on: Mar 26, 2017
  • Modified on: Mar 26, 2017
  • Patch: 3.8.0
Show
View Real Time Build Order
Export as new Build Order

Comments (0)

There are no comments. Be the first!

Create an account to comment!